 Dungeon Crawl Stone Soup version 0.26.0-10-g1f06aea511 (webtiles) character file.

Game seed: 11264511956657423311

884 Borgoz the Slasher (level 8, 67/67 HPs)
             Began as a Ghoul Gladiator on Jan 18, 2021.
             Was a Believer of Okawaru.
             Quit the game on level 4 of the Dungeon.
             The game lasted 00:05:04 (3704 turns).

Borgoz the Slasher (Ghoul Gladiator)                Turns: 3704, Time: 00:05:05

Health: 67/67      AC: 11    Str: 18    XL:     8   Next: 5%
Magic:  9/9        EV: 11    Int:  3    God:    Okawaru [**....]
Gold:   246        SH:  0    Dex: 12    Spells: 7/7 levels left

rFire    . . .     SeeInvis .   a - +3 long sword
rCold    + . .     Faith    .   (no shield)
rNeg     + + +     Spirit   .   p - +0 scale mail
rPois    ∞         Reflect  .   c - +0 helmet
rElec    .         Harm     .   b - +1 cloak
rCorr    .         Rampage  .   (no gloves)
Will     .....                  i - +0 pair of boots
Stlth    ..........             (no amulet)
HPRegen  0.21/turn              (no ring)
MPRegen  0.11/turn              (no ring)

@: no status effects
A: claws 1, cold resistance 1, negative energy resistance 3, inhibited
regeneration, torment resistance, unbreathing
a: Renounce Religion, Heroism


You were on level 4 of the Dungeon.
You worshipped Okawaru.
Okawaru was pleased with you.
You visited 1 branch of the dungeon, and saw 4 of its levels.

You collected 246 gold pieces.

Inventory:

Hand Weapons
 a - a +3 long sword (weapon)
Armour
 b - a +1 cloak (worn)
 c - a +0 helmet (worn)
 i - a +0 pair of boots (worn)
 p - a +0 scale mail (worn)
Wands
 j - a wand of flame (9)
Scrolls
 g - a scroll of blinking
 n - a scroll of magic mapping
 o - a scroll of remove curse
Potions
 f - a potion of resistance
 h - 2 potions of curing
 k - a potion of berserk rage {unknown}
 l - 2 potions of heal wounds {unknown}


   Skills:
 + Level 4.4 Fighting
 * Level 5.4 Long Blades
 - Level 1.7 Throwing
 + Level 3.0 Armour
 + Level 4.2 Dodging
 + Level 3.2 Invocations


You had 7 spell levels left.
You didn't know any spells.
Your spell library was empty.

Dungeon Overview and Level Annotations

Branches:
Dungeon (4/15)
 Temple: D:4-7

Altars:
Makhleb
Okawaru
The Shining One


Innate Abilities, Weirdness & Mutations

You thrive by killing the living.
You are immune to poison.
You have sharp fingernails.
Your flesh is cold resistant. (rC+)
You are immune to negative energy. (rN+++)
You do not regenerate when monsters are visible.
You are immune to unholy pain and torment.
You can survive without breathing.


Message History

The worm bites you but does no damage.
You slash the worm!
The worm is heavily wounded.
The worm splashes around in the water.
Your unstable footing causes you to fumble your attack.
Your unstable footing causes you to fumble your attack.
The worm closely misses you.
You hit the worm.
The worm is heavily wounded.
The worm splashes around in the water.
You slash the worm!
You kill the worm!
Okawaru accepts your kill.
No target in view!
No target in view!
Things that are here:
a worm corpse; a leopard gecko corpse You open the large door.
There is a large open door here.
Are you sure you want to abandon this character and quit the game? (Confirm with "yes".)

##.....#..##)##....)...#..
#..........#.##.####...#..
##.....##..#.##.# #......
......##..#.##.# #...#..
..#.##.##..#...## ##...#..
#.............##...#.##.
###.##.###.####..#.>.#.###
#......#≈###≈≈##'........(
####...#.@≈≈≈≈†≈#.........
#...#≈'≈≈≈≈≈†#.........
#####
#...#≈###≈≈##+.........
....##
#...###.####......#####
.....#
###....................
###..######
###........#....#####
...#......#
#........#....# #
.⌠.#......#
#......[.###.##
...#......# #######..# ♣.♣


There were no monsters in sight!

Vanquished Creatures
  Menkaure (D:4)
  Edmund (D:4)
  Purgy (D:3)
  An ogre (D:4)
  Blork the orc (D:4)
  2 scorpions (D:4)
  A hound (D:4)
  A bullfrog skeleton (D:4)
  2 worker ants (D:4)
  An orc wizard (D:3)
  6 adders
  2 worms (D:4)
  2 dart slugs
  3 leopard geckos (D:4)
  14 orcs
  5 bats
  3 giant cockroaches
  6 goblins
  7 hobgoblins
  5 jackals
  7 kobolds
  3 quokkas
  A ball python (D:3)
  3 frilled lizards (D:2)
  A quokka zombie (D:4)
  9 rats
89 creatures vanquished.

Notes
Turn   | Place    | Note
-------+----------+-------------------------------------------
     0 | D:1      | Borgoz the Ghoul Gladiator began the quest for the Orb.
     0 | D:1      | Reached XP level 1. HP: 17/17 MP: 0/0
   160 | D:1      | Reached XP level 2. HP: 25/25 MP: 1/1
   223 | D:1      | Reached skill level 3 in Long Blades
   721 | D:2      | Reached XP level 3. HP: 27/30 MP: 2/2
   871 | D:2      | Found an iron altar of Okawaru.
   909 | D:2      | Became a worshipper of Warmaster Okawaru
   950 | D:2      | Reached skill level 1 in Armour
  1185 | D:3      | Reached XP level 4. HP: 37/37 MP: 3/3
  1542 | D:3      | Reached skill level 1 in Invocations
  1578 | D:3      | Reached XP level 5. HP: 45/45 MP: 4/4
  2133 | D:3      | Found a glowing golden altar of the Shining One.
  2154 | D:3      | Noticed Purgy
  2184 | D:3      | Killed Purgy
  2184 | D:3      | Reached * piety under Okawaru
  2185 | D:3      | Reached skill level 4 in Long Blades
  2185 | D:3      | Reached XP level 6. HP: 25/51 MP: 4/6
  2921 | D:4      | Noticed Blork the orc
  2922 | D:4      | Found a burning altar of Makhleb.
  2923 | D:4      | Noticed Edmund
  2933 | D:4      | Killed Blork the orc
  2934 | D:4      | Reached XP level 7. HP: 33/58 MP: 7/7
  2937 | D:4      | Reached ** piety under Okawaru
  2944 | D:4      | Killed Edmund
  2945 | D:4      | Reached skill level 5 in Long Blades
  3459 | D:4      | Noticed Menkaure
  3469 | D:4      | Killed Menkaure
  3470 | D:4      | Reached XP level 8. HP: 29/67 MP: 9/9
  3704 | D:4      | Quit the game

Illustrated notes

Levels and vault maps discovered:
D:1:      minmay_arrival_jagged, layout_loops_cross
D:2:      layout_rooms, grunt_decor_fettered, grunt_ministairs_13,
          okawaru_metal_pillars_1_2
D:3:      layout_basic, old_standard_altar, uniq_purgy
D:4:      layout_basic, old_standard_altar, minmay_temple_entry_poolview,
          gup_sewer_entry_bowl, minmay_tree_intersection, fountainhead,
          kennysheep_generic_room_12, uniq_menkaure, uniq_edmund,
          uniq_blork_the_orc

Skill      XL: |  1  2  3  4  5  6  7 |
---------------+----------------------+-----
Long Blades    | 3 4 5 |  5.4
Dodging        | 3 4 |  4.2
Armour         | 1 2 3 |  3.0
Fighting       | 3 4 |  4.4
Invocations    | 1 2 3 |  3.2
Throwing       | |  1.7

Action                   |  1- 3 |  4- 6 |  7- 9 || total
-------------------------+-------+-------+-------++-------
Melee: Long sword        |   105 |   207 |    50 ||   362
Throw: Throwing net      |       |     2 |     1 ||     3
  Use: Scroll            |       |    12 |     3 ||    15
       Potion            |       |     2 |     1 ||     3
Armor: Leather armour    |    18 |       |       ||    18
       Scale mail        |    28 |   113 |    13 ||   154
Dodge: Dodged            |    74 |   136 |    27 ||   237
       Rpst.: Long sword |    25 |    37 |     8 ||    70
